 Seeded DCSS version 0.30-a0-341-g682706514a (webtiles) character file.

Game seed: 7130546335830651708 (custom seed)

16 purpskrrrp the Magician (level 2, -4/21 HPs)
             Began as a Djinni Venom Mage on Nov 5, 2022.
             Slain by a gnoll
             ... wielding a +0 flail
              (7 damage)
             ... on level 2 of the Dungeon.
             The game lasted 00:03:02 (815 turns).

purpskrrrp the Magician (Djinni Venom Mage)          Turns: 815, Time: 00:03:02

Health: -4/21      AC:  2    Str:  7    XL:     2   Next: 70%
Gold:   5          EV: 12    Int: 16    God:
                   SH:  0    Dex: 19

rFire   + + +      SeeInvis .    i - staff of fire
rCold   x . .      Faith    .    (no shield)
rNeg    . . .      Spirit   .    a - +0 robe
rPois   ∞          Reflect  .    (no helmet)
rElec   .          Harm     .    (no cloak)
rCorr   .          Rampage  .    (no gloves)
Will    .....                    (boots unavailable)
Stlth   ++........               (no amulet)
HPRegen 0.23/turn                f - +6 ring of dexterity
MPRegen 0.00/turn                (no ring)

@: flying
A: sickness immunity, fire resistance 2, cold vulnerability 1, float, innate
caster, HP casting, extra vitality 1
a: no special abilities


You were on level 2 of the Dungeon.
You visited 1 branch of the dungeon, and saw 2 of its levels.

You collected 5 gold pieces.

Inventory:

Armour
 a - a +0 robe (worn)
Magical Staves
 i - a staff of fire (weapon)
Jewellery
 f - a +6 ring of dexterity (left hand)
Scrolls
 b - a scroll of identify {unknown}
 c - a scroll of silence {unknown}
 g - a scroll of enchant armour {unknown}
Potions
 e - a potion of might {unknown}
 h - a potion of flight {unknown}


   Skills:
 - Level 2.1 Dodging
 - Level 1.5 Stealth
 + Level 3.0 Spellcasting


You couldn't memorise any spells.
You knew the following spells:

 Your Spells              Type           Power      Damage    Failure   Level
a - Sting                 Tmut/Pois      48%        1d5       5%          1
b - Poisonous Vapours     Pois/Air       24%        N/A       8%          2
c - Mephitic Cloud        Conj/Pois/Air  12%        N/A       16%         3
d - Olgreb's Toxic Radia  Pois           12%        N/A       45%         4
Your spell library was empty.

Dungeon Overview and Level Annotations

Branches:
Dungeon (2/15)

Altars:


Innate Abilities, Weirdness & Mutations

You are immune to sickness and miasma.
You are immune to poison.
Your flesh is very heat resistant. (rF++)
You are vulnerable to cold. (rC-)
You float through the air rather than walking.
You learn spells naturally, not from books.
Your magical power is your life essence.
You have superior vitality. (+4 MHP)


Message History

Press: ? - help, Q - select action, (/) - cycle Shift-Dir - straight line, f - you That beam is likely to hit you.
Continue anyway?
Okay, then.
A gnoll comes into view. It is wielding a +0 spear of venom.
Found 13 gold pieces.
The gnoll shouts!
You hear a shout!
The gnoll shouts!
Aiming: Sting (safe; 5% risk of failure)
Press: ? - help, Q - select action, (/) - cycle Shift-Dir - straight line, f - gnoll
Aim: a gnoll, wielding a +0 spear of venom and quivering 2 throwing nets (75% to hit)
The sting misses the gnoll.
The gnoll throws a throwing net.
The throwing net hits you.
You become entangled in the net!
You tear a large gash into the net.
The gnoll hits you from afar with a +0 spear of venom.
You struggle against the net.
The gnoll hits you from afar with a +0 spear of venom.
A frilled lizard comes into view.
You shred the net and break free! The gnoll closely misses you.
The gnoll hits you with a +0 flail!
Ouch! That really hurt!
* * * LOW HITPOINT WARNING * * *
The gnoll throws a throwing net.
The throwing net hits you.
You become entangled in the net!
You see here a throwing net.
It was a potion of heal wounds.
You feel much better.
You struggle against the net.
You struggle against the net.
The gnoll hits you from afar with a +0 spear of venom.
The gnoll hits you from afar with a +0 spear!
You struggle against the net.
The gnoll hits you but does no damage. The gnoll barely misses you.
You struggle against the net.
The gnoll hits you from afar with a +0 spear of venom.
The gnoll hits you from afar with a +0 spear.
* * * LOW HITPOINT WARNING * * *
You rip the net and break free!
The gnoll misses you. The gnoll closely misses you. x2
The gnoll misses you. The gnoll attacks as you move away!
The gnoll hits you with a +0 flail!
You die...

########.#
#..:.....#..
##.#######.# #.#
#...#.# #.#
#.###.# #.# #.#
#(# .# #.# #.#
#.# #..#
#.###.###.#:...#
##@#.........#
#..g.g...#.#.#
####.#.#.#.# .$
#.#.#.#.# ...
#.#.#.#.# ...
#.#.#.#.. ..
#.#.#.### #
#.#.#.# #...#


You could see 2 gnolls.

Vanquished Creatures
  3 endoplasms
  A giant cockroach (D:1)
  4 hobgoblins (D:1)
  3 kobolds (D:1)
  A ball python (D:1)
  A rat (D:1)
13 creatures vanquished.

Notes
Turn   | Place    | Note
-------+----------+-------------------------------------------
     0 | D:1      | purpskrrrp the Djinni Venom Mage began the quest for the
                  | Orb.
     0 | D:1      | purpskrrrp set off with the following spells memorised:
                  | Sting, Poisonous Vapours, Mephitic Cloud, Olgreb's Toxic
                  | Radiance.
     0 | D:1      | Reached XP level 1. HP: 15/15 MP: 0/0
   186 | D:1      | Reached XP level 2. HP: 15/21 MP: 0/0
   374 | D:1      | Identified a scroll of acquirement
   374 | D:1      | Acquired a staff of fire
   435 | D:1      | Reached skill level 3 in Spellcasting
   800 | D:2      | HP: 1/21 [gnoll/+0 flail (11)]
   815 | D:2      | Slain by a gnoll

Illustrated notes

Levels and vault maps discovered:
D:1:      dpeg_arrival_refuge, layout_basic
D:2:      layout_basic

Skill      XL: |  1  2 |
---------------+-------+-----
Spellcasting   | 3 |  3.0
Dodging        | |  2.1
Stealth        | |  1.5

Action                   || total
-------------------------++-------
Melee: Unarmed           ||     9
       Staff             ||     5
 Cast: Sting             ||    24
       Poisonous Vapours ||     2
  Use: Scroll            ||     2
       Potion            ||     1
Armor: Robe              ||     1
Dodge: Dodged            ||    12

Table legend: (Time is in decaauts)
 A = Elapsed time spent in this place.
 B = Non-inter-level travel time spent in this place.
 C = Inter-level travel time spent in this place.
 D = Time resting spent in this place.
 E = Time spent auto-exploring this place.
 F = Levels seen in this place.
 G = Mean time per level.
                   A        B        C        D        E       F      G
               +--------+--------+--------+--------+--------+-----+--------+
         Total |    815 |    801 |     14 |     46 |    605 |   2 |  407.5 |
       Dungeon |    815 |    801 |     14 |     46 |    605 |   2 |  407.5 |
               +--------+--------+--------+--------+--------+-----+--------+

Top non-repeatable levels by time:
     D:1: 732 daAuts
     D:2: 83 daAuts
